 Dungeon Crawl Stone Soup version 0.30-a0-381-g6ea064c7b4 (webtiles) character file.

Game seed: 737617034913742015

1 qeuew the Caller (level 1, -2/10 HPs)
             Began as a Tengu Summoner on Dec 2, 2022.
             Slain by a kobold
             ... wielding a +0 club
              (4 damage)
             ... on level 1 of the Dungeon.
             The game lasted 00:00:42 (90 turns).

qeuew the Caller (Tengu Summoner)                     Turns: 90, Time: 00:00:43

Health: -2/10      AC:  3    Str:  8    XL:     1   Next: 20%
Magic:  1/4        EV: 11    Int: 15    God:
Gold:   9          SH:  0    Dex: 14    Spells: 3/4 levels left

rFire   . . .      SeeInvis .    (no weapon)
rCold   . . .      Faith    .    (no shield)
rNeg    . . .      Spirit   .    c - +0 leather armour
rPois   .          Reflect  .    (helmet restricted)
rElec   .          Harm     .    (no cloak)
rCorr   .          Rampage  .    (no gloves)
Will    .....                    (boots unavailable)
Stlth   ++........               (no amulet)
HPRegen 0.21/turn                (no ring)
MPRegen 0.09/turn                (no ring)

@: no status effects
A: beak, talons 3
a: no special abilities


You were on level 1 of the Dungeon.
You visited 1 branch of the dungeon, and saw 1 of its levels.

You collected 9 gold pieces.

Inventory:

Armour
 c - a +0 leather armour (worn)
Potions
 b - a potion of magic


   Skills:
 + Level 0.1 Armour
 + Level 2.2 Dodging
 + Level 2.0 Stealth
 * Level 2.0 Spellcasting
 + Level 4.8 Summonings


You had 3 spell levels left.
You knew the following spells:

 Your Spells              Type           Power      Damage    Failure   Level
a - Summon Small Mammal   Summ           64%        N/A       4%          1

Your spell library contained the following spells:

 Spells                   Type           Power      Damage    Failure   Level
 Call Imp                 Summ           16%        N/A       7%          2
 Call Canine Familiar     Summ           16%        N/A       13%         3
 Summon Guardian Golem    Hex/Summ       8%         N/A       34%         3
 Summon Lightning Spire   Summ/Air       8%         N/A       75%         4


Dungeon Overview and Level Annotations

Branches:
Dungeon (1/15)

Altars:


Innate Abilities, Weirdness & Mutations

You have a beak for a mouth.
You have claws for feet.


Message History

You start removing your armour.
You continue taking off your +0 robe. x4
You finish taking off your +0 robe.
You start putting on your armour.
You continue putting on your +0 leather armour. x5
You finish putting on your +0 leather armour.
Unknown command.
You drop a +0 robe.
HP restored.
Your rat disappears in a puff of smoke!
Your quokka disappears in a puff of smoke!
Magic restored.
As you open the door, it creaks loudly!
You hear a shout!
A kobold comes into view. It is wielding a +0 club.
The kobold barely misses you. The kobold attacks as you move away!
The kobold hits you with a +0 club.
Your rat closely misses the kobold.
Your rat barely misses the kobold.
Things that are here:
a +0 club; 2 stones; a kobold corpse Your rat disappears in a puff of smoke!
The kobold hits you with a +0 club.
Your rat barely misses the kobold.
You are too injured to fight recklessly!
Casting: Summon Small Mammal (safe; 4% risk of failure)
Press: ? - help, Q - select action Dir - look around, f - activate Your rat disappears in a puff of smoke!
The kobold hits you with a +0 club.
* * * LOW HITPOINT WARNING * * *
Your rat closely misses the kobold.
The kobold attacks as you move away! The kobold barely misses you.
Your quokka closely misses the kobold.
Your rat misses the kobold.
You see here a +0 robe.
A dart slug comes into view.
The kobold attacks as you move away! The kobold hits you with a +0 club.
* * * LOW HITPOINT WARNING * * *
Your quokka barely misses the kobold.
The kobold attacks as you move away! The kobold hits you but does no damage.
The kobold attacks as you move away! The kobold hits you but does no damage.
Your quokka bites the kobold.
The kobold attacks as you move away! The kobold hits you with a +0 club.
You die...

.........##.....#
)........##.....#
........##.....#
.###....##.....#
##.##...##.....###
#...#......rr....#
+.<.'............#
#...#.......K....#
##.##.......@....#
###............(#
...............#
................#
................#
#...........#
.#..........#
#..........#


You could see a kobold (ally target), a friendly quokka (summoned) and a
friendly rat (summoned).

Vanquished Creatures (collateral kills)
  A kobold (D:1)
1 creature vanquished.

Notes
Turn   | Place    | Note
-------+----------+-------------------------------------------
     0 | D:1      | qeuew the Tengu Summoner began the quest for the Orb.
     0 | D:1      | Reached XP level 1. HP: 10/10 MP: 4/4
    90 | D:1      | Slain by a kobold

Illustrated notes

Levels and vault maps discovered:
D:1:      dpeg_arrival_shelter, layout_basic, serial_shops, nicolae_shop_stone

Action                   || total
-------------------------++-------
 Cast: Summon Small Mamm ||     8
Armor: Leather armour    ||     2
Dodge: Dodged            ||     6

Table legend: (Time is in decaauts)
 A = Elapsed time spent in this place.
 B = Non-inter-level travel time spent in this place.
 C = Inter-level travel time spent in this place.
 D = Time resting spent in this place.
 E = Time spent auto-exploring this place.
 F = Levels seen in this place.
 G = Mean time per level.
                   A        B        C        D        E       F      G
               +--------+--------+--------+--------+--------+-----+--------+
         Total |     90 |     90 |      0 |      0 |     41 |   1 |   90.0 |
       Dungeon |     90 |     90 |      0 |      0 |     41 |   1 |   90.0 |
               +--------+--------+--------+--------+--------+-----+--------+

Top non-repeatable levels by time:
     D:1: 90 daAuts
